Unix NetHack Version 5.0.0-0 post-release - last build Jun 10 2026 00:39:30 (3ee93aec679c4c4259841fe613dc97188e26a321,branch:main).

Game began 2026-07-07 03:36:10, ended 2026-07-07 03:58:34.

IanCurtis, chaotic male elven Wizard

                                  -------------
                                  |.........{..#
                                  |...........|#
                                  |.......<...|#
                                  +...........|#
                                  -------------#
                                               ##
                                                #
                                                *
                                    ----------  #
                                    |.........####
                                    |.*......|  ###     -- -------
                                    |)(......|  # #     .u.......|
                                    ----------   ###@sf..........|
                                                        .`.......|
                                                        ----------

IanCurtis the Thaumaturge  St:13 Dx:17 Co:13 In:16 Wi:14 Ch:9  Chaotic
Dlvl:7  $:139 HP:0(36) Pw:50(84) AC:3  Xp:6 T:3828  Burdened

Latest messages:
 You succeed in forcing the lock.
 You have a little trouble removing p - an engagement ring.
 You see here a rock.
 You feel sluggish.
 You feel your magical energy drain away!
 What do you want to drop? [$a-gkm-pBEGOVXY or ?*] p
 You drop an engagement ring.
 There is a doorway here.
 You see here an engagement ring.
 You have a little trouble lifting p - an engagement ring.
 There appears to be no shopkeeper here to receive your payment.
 What do you want to put on? [depX or ?*] p
 Which ring-finger, Right or Left? [rl] r
 p - an engagement ring (on right hand).
 What do you want to remove? [p or ?*] p
 You were wearing an engagement ring (on right hand).
 That door is closed.
 This door is locked.
 This door is locked.
 In what direction? l
 The door crashes open!
 You feel more confident in your spell casting skills.
 (Tip: use the #enhance command to advance them.)
 The giant spider bites!
 The giant spider's bite was poisoned!
 You hit the giant spider.
 The giant spider bites!
 In what direction? l
 The spell misses the giant spider.
 The giant spider bites!
 You swap places with your housecat.
 The housecat misses the giant spider.
 The housecat misses the giant spider.
 The housecat bites it.
 It misses the housecat.
 The housecat misses it.
 The air around you begins to shimmer with a golden haze.
 The housecat misses it.
 The housecat misses it.
 The golden haze around you becomes more dense.
 The housecat misses it.
 The housecat misses the giant spider.
 The housecat misses the giant spider.
 The giant spider bites!
 What do you want to use or apply? [bcgnBOV or ?*] b
 You have a little trouble removing h - an uncursed potion of healing.
 The giant spider bites!
 The giant spider's bite was poisoned!
 You die...
 Do you want your possessions identified? [ynq] (y) q

Inventory:
 Coins    ('$')
  $ - 139 gold pieces
 Weapons  (')')
  m - the +0 Sting (weapon in right hand)
  a - a blessed +4 quarterstaff
 Armor    ('[')
  G - an uncursed +0 cloak of magic resistance (being worn)
 Comestibles  ('%')
  Y - an uncursed carrot
  B - an uncursed eucalyptus leaf
  E - 4 uncursed food rations
  f - 2 blessed tins of spinach
 Scrolls  ('?')
  o - an uncursed scroll of punishment
 Potions  ('!')
  h - an uncursed potion of healing
  k - an uncursed potion of water
 Rings    ('=')
  d - an uncursed ring of polymorph control
  p - an uncursed ring of shock resistance
  e - an uncursed ring of sustain ability
  X - an uncursed ring of sustain ability
 Wands    ('/')
  c - a wand of cancellation (0:6)
  g - a wand of magic missile (0:8)
  V - a wand of magic missile (0:4)
 Tools    ('(')
  O - an empty uncursed bag of holding
  b - an uncursed sack containing 19 items
  n - a magic marker (0:20)

Contents of the sack:
  a blessed scroll of food detection
  an uncursed scroll of gold detection
  an uncursed scroll of genocide
  2 uncursed scrolls of earth
  an uncursed scroll of enchant armor
  an uncursed scroll of enchant weapon
  3 uncursed scrolls of identify
  an uncursed spellbook of cure blindness
  an uncursed spellbook of cure blindness
  a blessed spellbook of detect food
  a blessed spellbook of force bolt
  an uncursed spellbook of protection
  an uncursed potion of levitation
  an uncursed potion of sleeping
  an uncursed potion of paralysis
  2 uncursed potions of healing
  a blessed potion of invisibility
  an uncursed potion of see invisible
  a blessed potion of see invisible

IanCurtis the Wizard's attributes:

Background:
 You were a Thaumaturge, a level 6 male elven Wizard.
 You were chaotic, nominally on a mission for Anhur
 who was opposed by Ptah (lawful) and Thoth (neutral).
 You were right-handed.
 You were in the Dungeons of Doom, on level 7.
 You entered the dungeon 3828 turns ago.
 It was nighttime.
 You had 393 experience points, 247 more were needed to attain level 7.

Basics:
 You had 0 out of 36 hit points.
 You had 50 out of 84 energy points (spell power).
 Your armor class was 3.
 Your wallet contained 139 zorkmids.
 Autopickup was off.

Final Characteristics:
 Your strength was 13 (limit:18).
 Your dexterity was 17 (limit:18).
 Your constitution was 13 (limit:16).
 Your intelligence was 16 (limit:20).
 Your wisdom was 14 (limit:20).
 Your charisma was 9 (limit:18).

Final Status:
 You weren't hungry.
 You were burdened; movement was slightly slowed.
 You were wielding a dagger.
 You were unskilled in dagger.

Final Attributes:
 You were piously aligned.
 You were magic-protected.
 You were sleep resistant.
 You were telepathic.
 You were aware of the presence of orcs.
 You had infravision.
 You had a moderate defense bonus (+6).
 You were warded.
 You are dead.

Miscellaneous:
 You didn't encounter any bones levels.
 Total elapsed playing time was 22 minutes and 23 seconds.

Major events:
 Turn
    1: IanCurtis the chaotic male elven Wizard entered the dungeon
  708: attained the rank of Conjurer (level 3)
 1521: entered the Gnomish Mines
 2564: attained the rank of Thaumaturge (level 6)
 2945: entered Sokoban
 3729: chose an elven dagger to be named "Sting"
 3828: killed by a giant spider

Spells:
 Name                 Level Category     Fail Retention
 force bolt             1   attack         0%   81%-90%
 cure blindness         2   healing       57%  76%-100%
 detect food            2   divination    57%  76%-100%
 protection             1   clerical       0%  76%-100%

Skills:
 Fighting Skills
   bare handed combat [Unskilled]
   riding             [Unskilled]
 Weapon Skills
   dagger             [Unskilled]
   knife              [Unskilled]
   axe                [Unskilled]
   short sword        [Unskilled]
   club               [Unskilled]
   mace               [Unskilled]
   quarterstaff       [Basic]
   polearms           [Unskilled]
   spear              [Unskilled]
   trident            [Unskilled]
   sling              [Unskilled]
   dart               [Unskilled]
   shuriken           [Unskilled]
 Spellcasting Skills
   attack spells      [Basic]
   healing spells     [Unskilled]
   divination spells  [Unskilled]
   enchantment spells [Basic]
   clerical spells    [Unskilled]
   escape spells      [Unskilled]
   matter spells      [Unskilled]

Voluntary challenges:
 Character rerolling was not enabled.
 You were an atheist.
 You never genocided any monsters.
 You never polymorphed an object.
 You never changed form.
 You used no wishes.
 You did not violate any of the special Sokoban rules.
Achievements:
 You attained the rank of Conjurer.
 You entered the Gnomish Mines.
 You attained the rank of Thaumaturge.
 You entered Sokoban.

 The Dungeons of Doom: levels 1 to 7
    Level 1: "vault"
       Many fountains.
    Level 2:
       Some fountains.
    Level 3:
       A fountain, some sinks.
    Level 4:
       Stairs down to The Gnomish Mines.
    Level 5:
       Many fountains.
       Oracle of Delphi.
    Level 6:
       A fountain.
       Stairs up to Sokoban, level 5.
    Level 7: <- You were here.
       A sink.
       Final resting place for
          you, killed by a giant spider.
 The Gnomish Mines:
    Level 5:
 Sokoban:
    Level 5:
       Unsolved.


Vanquished creatures:
  2 fog clouds
  3 gnome leaders
  a golden naga hatchling
  a straw golem
  2 little dogs
  5 floating eyes
  3 dwarves
  a kobold shaman
  a hill orc
  2 dwarf zombies
  2 iguanas
  3 hobbits
  a large kobold
  a hobgoblin
  a giant rat
  5 cave spiders
  a green mold
 16 gnomes
  2 geckos
  3 jackals
  3 goblins
  a sewer rat
  4 grid bugs
  4 bats
  5 lichens
  a kobold zombie
  6 newts
80 creatures vanquished.

No species were genocided or became extinct.

Game over:
                       ----------
                      /          \
                     /    REST    \
                    /      IN      \
                   /     PEACE      \
                  /                  \
                  |    IanCurtis     |
                  |      139 Au      |
                  |   killed by a    |
                  |   giant spider   |
                  |                  |
                  |                  |
                  |       2026       |
                 *|     *  *  *      | *
        _________)/\\_//(\/(/\)/\//\/|_)_______

Goodbye IanCurtis the Wizard...

You died in The Dungeons of Doom on dungeon level 7 with 1998 points,
and 139 pieces of gold, after 3828 moves.
You were level 6 with a maximum of 36 hit points when you died.

